Map: Catalyst LE

Players

llllllllllll (Elazer) - Winner!

  • Race: Zerg Zerg
  • League: Grandmaster
  • Spawn Location: 11:00

BIGBOY (PartinG)

  • Race: Protoss Protoss
  • League: Grandmaster
  • Spawn Location: 5:00

VOD

Have the link to the VOD?

Description

Time

  • Played on: Feb. 8, 2018, 9:33 a.m.
  • Length: 6:49
Show
View Real Time Build Order
Export as new Build Order

llllllllllll Zerg - Winner!

Build Orders: Hatch First 

Get SALT Encoding   

  12  0:00  Drone  
  13  0:12  Overlord  
  13  0:16  Drone  
  14  0:30  Drone x2  
  16  0:48  Hatchery  
  15  0:51  Drone  
  15  0:55  Drone  
  17  0:58  Drone  
  18  1:09  Extractor  
  17  1:15  Spawning Pool  
  17  1:17  Drone  
  17  1:20  Drone  
  18  1:27  Drone  
  19  1:39  Drone  
  20  2:01  Queen x2  
  20  2:02  Zergling x4  
  20  2:05  Overlord  
  26  2:11  Drone x2  
  26  2:13  Metabolic Boost  
  28  2:24  Drone x2  
  30  2:36  Hatchery  
  29  2:40  Drone  
  30  2:45  Queen  
  30  2:50  Overlord  
  32  2:54  Drone  
  32  2:56  Drone  
  34  3:00  Drone x2  
  36  3:12  Drone x2  
  38  3:14  Drone  
  38  3:18  Drone  
  38  3:19  Drone, Overlord  
  41  3:22  Queen  
  43  3:27  Drone  
  44  3:34  Spore Crawler  
  44  3:35  Drone  
  44  3:38  Drone  
  44  3:41  Drone x2  
  47  3:42  Drone x2  
  47  3:45  Lair  
  47  3:46  Drone  
  50  3:49  Overlord  
  50  3:52  Drone  
  50  3:55  Drone x2  
  53  4:01  Roach Warren, Extractor  
  51  4:05  Drone x2, Extractor  
  51  4:06  Drone  
  53  4:14  Overlord  
  53  4:16  Drone x2  
  55  4:18  Drone  
  56  4:24  Drone  
  56  4:26  Overlord  
  56  4:30  Zergling x8  
  61  4:42  Glial Reconstitution  
  60  4:46  Roach x7  
  60  4:50  Overlord  
  60  4:51  Overlord  
  74  4:58  Roach x3  
  79  5:05  Overlord  
  79  5:06  Overlord  
  79  5:10  Roach x3  
  79  5:13  Roach  
  79  5:14  Roach  
  89  5:18  Roach x2  
  95  5:21  Roach  
  95  5:24  Overlord  
  94  5:29  Overlord  
  94  5:32  Roach x3  
  99  5:36  Roach x2  
  99  5:41  Roach x2  
  107  5:45  Zergling x6  
  107  5:49  Zergling x6  
  113  5:53  Zergling x2  
  113  5:54  Zergling x6  
  115  6:02  Zergling x10  
  120  6:04  Ravager  
  120  6:08  Ravager x2  
  123  6:13  Zergling x2  
  123  6:14  Zergling x4  
  123  6:16  Ravager  
  127  6:21  Zergling x6  
  127  6:22  Zergling x4  
Show
View Real Time Build Order
Export as new Build Order

BIGBOY Protoss 

Build Orders: 1 Gate Expand 

Get SALT Encoding   

  12  0:00  Probe  
  13  0:12  Probe  
  14  0:20  Pylon  
  14  0:24  Probe  
  15  0:38  Probe (Chrono Boost)  
  15  0:40  Gateway  
  16  0:47  Probe (Chrono Boost)  
  16  0:48  Assimilator  
  17  0:52  Probe (Chrono Boost)  
  19  1:05  Probe (Chrono Boost)  
  19  1:11  Probe (Chrono Boost)  
  20  1:24  Nexus  
  20  1:34  Cybernetics Core  
  20  1:40  Assimilator  
  20  1:44  Probe  
  21  1:51  Pylon  
  21  1:56  Probe  
  22  2:08  Probe  
  23  2:09  Adept (Chrono Boost)  
  23  2:11  Warp Gate  
  25  2:19  Twilight Council  
  25  2:20  Probe  
  26  2:28  Stalker  
  28  2:36  Probe (Chrono Boost)  
  29  2:39  Probe (Chrono Boost)  
  30  2:48  Probe (Chrono Boost)  
  30  2:49  Probe (Chrono Boost)  
  32  2:53  Probe (Chrono Boost)  
  32  2:55  Resonating Glaives  
  32  2:57  Probe  
  34  3:00  Adept  
  36  3:06  Probe  
  36  3:09  Probe  
  38  3:13  Gateway  
  38  3:19  Probe  
  39  3:21  Probe  
  40  3:28  Gateway  
  40  3:33  Probe x2  
  42  3:36  Pylon  
  42  3:42  Forge  
  42  3:47  Probe (Chrono Boost)  
  42  3:48  Probe (Chrono Boost)  
  44  3:55  Robotics Facility  
  44  3:57  Probe (Chrono Boost)  
  44  3:58  Probe (Chrono Boost)  
  44  4:01  Pylon  
  46  4:03  Probe x2 (Chrono Boost)  
  46  4:05  Assimilator  
  46  4:08  Assimilator  
  48  4:12  Protoss Ground Weapons Level 1 (Chrono Boost)  
  48  4:17  Adept x2  
  48  4:19  Probe  
  48  4:20  Probe  
  54  4:34  Probe x2  
  54  4:35  Adept  
  57  4:41  Adept x2  
  61  4:52  Probe  
  62  5:00  Nexus  
  62  5:04  Pylon  
  62  5:05  Pylon  
  62  5:10  Pylon  
  62  5:19  Probe  
  62  5:22  Probe, Adept x3, Observer (Chrono Boost)  
  69  5:37  Probe x2  
  69  5:40  Immortal (Chrono Boost)  
  75  5:43  Sentry  
  75  5:47  Pylon x2  
  77  5:51  Photon Cannon  
  77  5:52  Pylon  
  73  6:05  Sentry x2  
  73  6:09  Immortal (Chrono Boost)  
  75  6:16  Sentry, Gateway x2  
  81  6:21  Gateway  
  81  6:24  Pylon  
  73  6:29  Zealot x2  
Tags
 
Add a new tag
Caveats
  • Supply blocks, unpowered buildings, or Contaminate may cause inaccurate times.
  • Supply counts are checked every 10 seconds.